 Dungeon Crawl Stone Soup version 0.28.0-53-g5a82cb258f (webtiles) character file.

Game seed: 5805920213545235426

13717 cbfl8 the Cleaver (level 11, -6/101 HPs)
             Began as a Minotaur Berserker on July 26, 2022.
             Was an Elder of Trog.
             Mangled by a two-headed ogre
             ... wielding a +0 giant spiked club
              (14 damage)
             ... on level 11 of the Dungeon.
             The game lasted 00:14:53 (13769 turns).

cbfl8 the Cleaver (Minotaur Berserker)             Turns: 13769, Time: 00:14:54

Health: -6/101     AC: 17    Str: 23    XL:     11   Next: 79%
Magic:  10/10      EV: 11    Int:  4    God:    Trog [****..]
Gold:   508        SH:  0    Dex: 25    Spells: 10/10 levels left

rFire   . . .      SeeInvis .   B - +3 battleaxe
rCold   . . .      Faith    .   (shield currently unavailable)
rNeg    . . .      Spirit   .   m - +0 chain mail
rPois   .          Reflect  .   (helmet restricted)
rElec   .          Harm     .   x - +0 cloak
rCorr   .          Rampage  .   l - +0 pair of gloves
Will    .....                   t - +1 pair of boots {Fly}
Stlth   ..........              (no amulet)
HPRegen 0.26/turn               K - +6 ring of dexterity
MPRegen 0.12/turn               D - +6 ring of dexterity

@: on berserk cooldown, flying, slowed, very slow
A: horns 2, retaliatory headbutt
a: Renounce Religion, Berserk, Trog's Hand, Brothers in Arms


You were on level 11 of the Dungeon.
You worshipped Trog.
Trog was greatly pleased with you.
You visited 1 branch of the dungeon, and saw 11 of its levels.

You collected 538 gold pieces.
You spent 30 gold pieces at shops.

Inventory:

Hand Weapons
 a - a +0 hand axe
 B - a +3 battleaxe (weapon)
Missiles
 C - a throwing net
Armour
 l - a +0 pair of gloves (worn)
 m - a +0 chain mail (worn)
 o - a +0 pair of boots
 t - a +1 pair of boots of flying (worn)
 x - a +0 cloak (worn)
 L - a +2 buckler
Jewellery
 n - a +6 ring of intelligence
 D - a +6 ring of dexterity (right hand)
 K - a +6 ring of dexterity (left hand)
Wands
 b - a wand of digging (9)
 f - a wand of acid (6)
 p - a wand of iceblast (7)
 z - a wand of paralysis (2) (quivered)
 F - a wand of flame (17)
Scrolls
 c - 4 scrolls of vulnerability
 e - 3 scrolls of immolation
 g - a scroll of fog
 i - a scroll of silence
 u - 8 scrolls of teleportation
 w - a scroll of fear
 y - 4 scrolls of blinking
 A - a scroll of enchant weapon {unknown}
 G - a scroll of torment {unknown}
 H - a scroll of enchant armour {unknown}
 I - a scroll of holy word {unknown}
Potions
 d - 2 potions of invisibility
 h - a potion of cancellation {unknown}
 j - a potion of attraction {unknown}
 k - 2 potions of mutation
 q - 2 potions of haste {unknown}
 r - 2 potions of magic {unknown}
 s - a potion of lignification {unknown}
 v - 3 potions of flight
 E - 2 potions of curing {unknown}
 J - 8 potions of ambrosia


   Skills:
 + Level 10.5 Fighting
 + Level 14.2 Axes
 + Level 11.1 Armour
 + Level 4.0 Dodging
 + Level 2.7 Stealth
 * Level 7.1 Evocations


You had 10 spell levels left.
You didn't know any spells.
Your spell library was empty.

Dungeon Overview and Level Annotations

Branches:
Dungeon (11/15)            Temple (0/1) D:5            Lair (0/6) D:9
    Orc: D:9-12

Altars:
Ashenzari
Elyvilon
Makhleb
Qazlal
Sif Muna
Trog

Shops:
D:5 [   D:7 [   D:10 :   D:11 *

Portals:
Trove: D:10 (show slimy rune of Zot)

Annotations:
D:5 2 transporters, DocClef's ghost, novice GnFE
D:8 3 runed translucent doors, Jingleheimer's ghost, novice TeBe
D:9 2 transporters, turdburglar's ghost, journeyman DsMo


Innate Abilities, Weirdness & Mutations

You have a pair of horns on your head.
You reflexively headbutt those who attack you in melee.


Message History

The orc knight is heavily wounded.
You hit the orc knight but do no damage.
The orc knight is heavily wounded.
The orc knight completely misses you.
You slash the orc knight! You headbutt the orc knight!
The orc knight is severely wounded.
The orc knight hits you with a +2 war axe of flaming!!
The orc knight burns you!
You closely miss the orc knight.
The orc knight is severely wounded.
The orc knight hits you with a +2 war axe of flaming!
The orc knight burns you!
You slice the orc knight!!
You kill the orc knight!
Trog accepts your kill.
You are too injured to fight recklessly!
You are too berserk!
You feel a strong urge to attack something.
You are no longer berserk.
You are exhausted.
You feel yourself slow down.
Aiming: Paralyse
Press: ? - help, Q - select action, (/) - cycle Shift-Dir - straight line, f - two-headed ogre
Aim: a two-headed ogre, wielding a +0 giant spiked club and a +0 giant club (chance to affect: 49%)
The two-headed ogre resists with some effort.
Aiming: Paralyse
Press: ? - help, Q - select action, (/) - cycle Shift-Dir - straight line, f/p - two-headed ogre
Aim: a two-headed ogre, wielding a +0 giant spiked club and a +0 giant club (chance to affect: 49%)
The two-headed ogre resists with some effort.
The two-headed ogre hits you but does no damage.
The two-headed ogre hits you with a +0 giant club!
* * * LOW HITPOINT WARNING * * *
Aiming: Paralyse
Press: ? - help, Q - select action, (/) - cycle Shift-Dir - straight line, f/p - two-headed ogre
Aim: a two-headed ogre, wielding a +0 giant spiked club and a +0 giant club (chance to affect: 49%)
The two-headed ogre resists with some effort.
The two-headed ogre hits you with a +0 giant spiked club!
* * * LOW HITPOINT WARNING * * *
The two-headed ogre hits you with a +0 giant club!
You die...

......#.#.....<.##..########
...........................##
+#########'#########+#####..#
.....# ##...## #.# #..#
.....###.....###.# ###..#
.....##...#...##.#
..##..#####
.....#...###...#.## ..
#....>.. .....'..##
##..'..##.# +..####.
.....#...###...#@O.)#
#..#....
.....##...#)..###..##
#....##. .....###.....## ####
#..####. .....# ##...##
#....... +##### ##+##
#.##.... #..#.### #..#.###
#..# #. #..#.##.


You could see a two-headed ogre.

Vanquished Creatures
  Harold (D:7)
  2 two-headed ogres (D:10)
  A skeletal warrior (D:11)
  Nergalle (D:11)
  An orc knight (D:11)
  Pikel (D:7)
  4 slime creatures (D:8)
  A cyclops (D:11)
  Maurice (D:9)
  A gargoyle (D:10)
  A troll (D:8)
  2 hornets
  A queen bee (D:10)
  A wyvern (D:9)
  Grum (D:9)
  4 yaks (D:11)
  A steam dragon (D:6)
  2 acid dragons
  Menkaure (D:4)
  A water moccasin (D:7)
  4 orc warriors
  An ice beast (D:6)
  A black bear (D:4)
  2 sky beasts
  3 necrophages
  An ogre (D:7)
  3 wolves (D:9)
  4 centaurs
  2 kobold brigands
  A phantom (D:6)
  2 wyvern zombies
  3 bullfrogs
  3 scorpions
  A wyvern skeleton (D:7)
  23 killer bees (D:10)
  7 wights
  3 howler monkeys (D:9)
  4 centaur zombies
  A bullfrog zombie (D:6)
  6 orc priests
  3 hounds
  A gnoll shaman (D:4)
  2 bullfrog skeletons (D:5)
  2 centaur skeletons
  Ijyb (D:4)
  5 iguanas
  Natasha (twice) (D:2)
  5 orc wizards
  A hound skeleton (D:5)
  Robin (D:4)
  7 gnolls (D:4)
  4 adders
  A shadow imp (D:6)
  An ufetubus (D:4)
  An adder skeleton (D:4)
  A worm (D:5)
  A dart slug (D:2)
  21 orcs
  4 bats
  2 endoplasms
  A giant cockroach (D:2)
  12 goblins
  5 hobgoblins
  4 jackals (D:2)
  14 kobolds
  A quokka (D:3)
  8 ball pythons
  8 rats
223 creatures vanquished.

Vanquished Creatures (others)
  A fungus (D:9)
  11 plants
12 creatures vanquished.

Grand Total: 235 creatures vanquished

Notes
Turn   | Place    | Note
-------+----------+-------------------------------------------
     0 | D:1      | cbfl8 the Minotaur Berserker began the quest for the Orb.
     0 | D:1      | Reached XP level 1. HP: 19/19 MP: 0/0
   504 | D:1      | Reached XP level 2. HP: 27/27 MP: 1/1
   997 | D:2      | Reached skill level 4 in Axes
   997 | D:2      | Reached XP level 3. HP: 17/34 MP: 2/2
  1420 | D:2      | Found a faded altar of an unknown god.
  2086 | D:2      | Reached XP level 4. HP: 41/41 MP: 3/3
  2114 | D:2      | Noticed Natasha
  2117 | D:2      | Killed Natasha
  2117 | D:2      | Reached ** piety under Trog
  2315 | D:2      | Noticed Natasha
  2323 | D:2      | Killed Natasha
  2324 | D:2      | Reached skill level 5 in Fighting
  2393 | D:3      | Noticed a necrophage
  2399 | D:3      | Killed a necrophage
  2400 | D:3      | Reached skill level 5 in Axes
  2400 | D:3      | Reached XP level 5. HP: 47/48 MP: 4/4
  3028 | D:4      | Noticed Menkaure
  3036 | D:4      | Killed Menkaure
  3037 | D:4      | Reached skill level 1 in Stealth
  3037 | D:4      | Reached XP level 6. HP: 19/56 MP: 5/5
  3458 | D:4      | Reached skill level 6 in Axes
  3849 | D:4      | Noticed Ijyb
  3860 | D:4      | Killed Ijyb
  3861 | D:4      | Reached skill level 5 in Armour
  3876 | D:4      | Reached XP level 7. HP: 59/62 MP: 6/6
  4257 | D:4      | Noticed Robin
  4270 | D:4      | Killed Robin
  4380 | D:4      | Found a stormy altar of Qazlal.
  4574 | D:5      | Entered Level 5 of the Dungeon
  4600 | D:5      | Noticed DocClef's ghost (novice GnFE)
  4601 | D:5      | Found a transporter.
  4601 | D:5      | Found a transporter.
  4606 | D:5      | Reached skill level 1 in Evocations
  4610 | D:5      | Reached skill level 7 in Axes
  4859 | D:5      | Found Deiwisak's Armour Shop.
  4886 | D:5      | Found a staircase to the Ecumenical Temple.
  4946 | D:5      | Reached *** piety under Trog
  5018 | D:5      | Reached XP level 8. HP: 71/71 MP: 7/7
  6107 | D:6      | Reached skill level 8 in Axes
  6632 | D:7      | Reached XP level 9. HP: 79/79 MP: 8/8
  6933 | D:7      | Noticed Harold
  6944 | D:7      | Killed Harold
  6945 | D:7      | Reached skill level 9 in Axes
  7056 | D:7      | Noticed Pikel
  7067 | D:7      | Killed Pikel
  7068 | D:7      | Reached skill level 10 in Axes
  7449 | D:7      | Found Ujudiej's Antique Armour Boutique.
  7679 | D:7      | Paralysed by a hornet for 1 turns
  7682 | D:7      | Paralysed by a hornet for 2 turns
  8058 | D:7      | Found a burning altar of Makhleb.
  8182 | D:8      | Noticed a troll
  8183 | D:8      | You are sucked into a shaft and drop 3 floors!
  8229 | D:11     | Reached XP level 10. HP: 77/90 MP: 9/9
  8315 | D:11     | Noticed a cyclops
  8329 | D:11     | Killed a cyclops
  8330 | D:11     | Reached skill level 5 in Evocations
  8550 | D:11     | Found Qov Umomm's General Store.
  8561 | D:11     | Bought a scroll of identify for 30 gold pieces
  8583 | D:10     | Entered Level 10 of the Dungeon
  8583 | D:10     | Noticed a two-headed ogre
  8593 | D:10     | Killed a two-headed ogre
  8594 | D:10     | Reached skill level 11 in Axes
  8743 | D:10     | Noticed a two-headed ogre
  8750 | D:10     | Killed a two-headed ogre
  8751 | D:10     | Reached skill level 10 in Armour
  8833 | D:9      | Noticed Maurice
  8847 | D:9      | Killed Maurice
  9441 | D:9      | Noticed a moth of wrath
  9442 | D:9      | Noticed a manticore
  9442 | D:9      | Noticed turdburglar's ghost (journeyman DsMo)
  9494 | D:9      | Found a staircase to the Lair.
  9551 | D:9      | Found a transporter.
  9567 | D:9      | Noticed Grum
  9584 | D:9      | Killed Grum
 10448 | D:8      | Reached skill level 12 in Axes
 10448 | D:8      | Reached XP level 11. HP: 99/99 MP: 10/10
 10799 | D:8      | Found a runed translucent gate.
 10799 | D:8      | Found a runed translucent gate.
 10799 | D:8      | Found a runed translucent gate.
 10799 | D:8      | Noticed a nine-headed hydra
 10800 | D:8      | Noticed a ten-headed hydra
 10800 | D:8      | Noticed Jingleheimer's ghost (novice TeBe)
 11063 | D:8      | Reached **** piety under Trog
 11309 | D:9      | Found a transporter.
 11560 | D:9      | Found a shimmering blue altar of Sif Muna.
 11561 | D:9      | Found a broken altar of Ashenzari.
 12099 | D:10     | Found a portal to a secret trove of treasure.
 12179 | D:10     | Found a bloodstained altar of Trog.
 12453 | D:10     | Found Edaroab's Book Boutique.
 12510 | D:10     | Found a white marble altar of Elyvilon.
 12756 | D:10     | Reached skill level 10 in Fighting
 12761 | D:10     | Reached skill level 13 in Axes
 12958 | D:11     | Noticed Nergalle
 12969 | D:11     | Killed Nergalle
 13466 | D:11     | Noticed a skeletal warrior
 13476 | D:11     | Killed a skeletal warrior
 13478 | D:11     | Reached skill level 14 in Axes
 13753 | D:11     | Noticed an orc knight
 13756 | D:11     | Noticed a two-headed ogre
 13763 | D:11     | Killed an orc knight
 13769 | D:11     | Mangled by a two-headed ogre

Illustrated notes

Levels and vault maps discovered:
D:1:      shiori_arrival_oz, layout_loops_ring, kennysheep_nondescript,
          hex_tiny, dk_noncrumbling_4
D:2:      layout_loops_corners, nicolae_ecumenical_snake_handling,
          minmay_crystal_water, uniq_natasha
D:3:      layout_basic, kennysheep_minor_cross, kennysheep_pointless_box
D:4:      layout_gridville, mainiacjoe_overflow_cross_hatched, uniq_menkaure,
          uniq_robin, uniq_ijyb
D:5:      layout_cave_pools, minmay_temple_entry_offerings,
          gammafunk_ghost_smash, serial_shops, nicolae_shop_stone,
          hangedman_abyss_or_decor_passed
D:6:      layout_loops_ring
D:7:      nicolae_cairo_tiling_large_dashed, layout_loops_ring,
          lightli_temple_of_fire, serial_shops, shop, uniq_harold, uniq_pikel
D:8:      layout_basic, gammafunk_ghost_hydra_chop
D:9:      layout_gridville, nicolae_overflow_hidden_temple, dpeg_oklobed_lair,
          gammafunk_ghost_berserking_beasts, serial_glass, glass_columns_c,
          glass_columns_a, uniq_maurice, uniq_grum
D:10:     layout_rooms, mainiacjoe_overflow_24_doors,
          mainiacjoe_overflow_alcove_1, nicolae_trove_entry_crystal,
          special_room [special_room_bee], serial_shops,
          nicolae_inconvenience_store
D:11:     minmay_the_grid_3x3 [minmay_the_grid_empty, minmay_the_grid_mess,
          minmay_the_grid_tiny_cups, minmay_the_grid_outer_diamond,
          minmay_the_grid_stretched_grid, minmay_the_grid_fan,
          minmay_the_grid_paths, minmay_the_grid_plusring,
          minmay_the_grid_prize_shrinking_boxes], layout_loops_cross,
          kennysheep_orc_monster_closet_entryway, serial_shops, shop,
          uniq_nergalle

Skill      XL: |  1  2  3  4  5  6  7  8  9 10 11 |
---------------+----------------------------------+-----
Fighting       | 4 5 6 7 8 9 10 | 10.5
Axes           | 4 5 6 7 8 10 12 14 | 14.2
Armour         | 3 4 5 6 8 9 10 11 | 11.1
Stealth        | 1 2 |  2.7
Dodging        | 3 4 |  4.0
Evocations     | 1 3 4 6 7 |  7.1

Action                   |  1- 3 |  4- 6 |  7- 9 | 10-12 || total
-------------------------+-------+-------+-------+-------++-------
Melee: Hand axe          |    66 |    68 |   198 |       ||   332
       Headbutt          |     8 |    17 |    37 |    47 ||   109
       Punch             |       |       |     4 |       ||     4
       Battleaxe         |       |       |    55 |   225 ||   280
Invok: Berserk           |       |     1 |     6 |    11 ||    18
Evoke: Wand              |       |       |       |    11 ||    11
  Use: Scroll            |       |       |     8 |     3 ||    11
 Stab: Paralysed         |       |       |       |     2 ||     2
Armor: Animal skin       |     1 |       |       |       ||     1
       Ring mail         |     2 |       |       |       ||     2
       Chain mail        |    31 |    36 |   177 |   142 ||   386
Dodge: Dodged            |    32 |    20 |   120 |   124 ||   296
